 Dungeon Sprint DCSS version 0.24-a0-778-g74da537585 (webtiles) character file.

Game seed: 14082118762266612638, levelgen mode: deterministic

1108 Conn the Arsonist (level 8, -2/43 HPs)
             Began as a Deep Elf Fire Elementalist on Oct 6, 2019.
             Was a Priest of Sif Muna.
             Succumbed to a killer bee's poison
             ... in the Dungeon (Sprint IV: "Fedhas' Mad Dash").
             The game lasted 00:04:53 (804 turns).

Conn the Arsonist (Deep Elf Fire Elementalist)       Turns: 804, Time: 00:04:54

Health: -2/43      AC:  2    Str:  5    XL:     8   Next: 11%
Magic:  1/26       EV: 17    Int: 23    God:    Sif Muna [***...]
Gold:   152        SH:  0    Dex: 15    Spells: 15/31 levels left

rFire    . . .     SeeInvis .   h - +0 short sword
rCold    . . .     Gourm    .   (no shield)
rNeg     . . .     Faith    .   a - +0 robe
rPois    .         Spirit   .   (no helmet)
rElec    .         Reflect  .   (no cloak)
rCorr    .         Harm     .   (no gloves)
MR       .....     NoTele   +   (no boots)
Stlth    ++++......             e - amulet of invisibility {+Inv}
HPRegen  0.14/turn              (no ring)
MPRegen  0.20/turn              (no ring)

@: lethally poisoned (-2 -> -27), very slightly contaminated
A: no striking features
a: Channel Magic, Forget Spell, Renounce Religion, Evoke Invisibility


You were in the Dungeon.
You worshipped Sif Muna.
Sif Muna was most pleased with you.
You were hungry.

You visited 1 branch You collected 152 gold pieces.

Inventory:

Hand Weapons
 h - a +0 short sword (weapon)
Armour
 a - a +0 robe (worn)
Jewellery
 d - an uncursed amulet of magic regeneration
 e - the amulet of invisibility (around neck) {+Inv}
   (You found it in the Dungeon)

   [amulet of nothing]

   It lets you turn invisible.
Scrolls
 i - a scroll of blinking
Potions
 f - a potion of haste
 g - 2 potions of magic
Comestibles
 c - a ration


   Skills:
 + Level 1.6 Fighting
 + Level 7.7 Dodging
 + Level 7.0 Stealth
 + Level 12.0 Spellcasting
 + Level 6.6 Conjurations
 + Level 12.2 Fire Magic
 + Level 3.1 Evocations


You had 15 spell levels left.
You knew the following spells:

 Your Spells              Type           Power        Failure   Level  Hunger
a - Flame Tongue          Conj/Fire      #####        1%          1    None
b - Conjure Flame         Conj/Fire      ######..     1%          3    None
c - Inner Flame           Hex/Fire       #####...     1%          3    None
d - Sticky Flame          Conj/Fire      ######..     1%          4    None
e - Fireball              Conj/Fire      ######....   2%          5    ####...

Your spell library contained the following spells:

 Spells                   Type           Power        Failure   Level  Hunger
 Throw Flame              Conj/Fire      ######       1%          2    None


Dungeon Overview and Level Annotations

Branches:
Dungeon (1/1)

Altars:
Cheibriados
Dithmenos
Elyvilon
Gozag
Hepliaklqana
Kikubaaqudgha
Makhleb
Nemelex Xobeh
Okawaru
Qazlal
Ru
Sif Muna
Trog
Uskayaw
Vehumet
Wu Jian
Xom
Yredelemnul
Zin
The Shining One
Beogh
Jiyva
Lugonu

Shops:
D %[


Message History

You are more poisoned.
The killer bee poisons you!
Casting: Fireball (safe; 2% risk of failure)
Confirm with . or Enter, or press ? or * to list all spells.
Aiming: Flame Tongue (safe; 1% risk of failure)
Press: ? - help, Shift-Dir - straight line, f - killer bee
Aim: a killer bee (almost dead, berserk, fast, unusually strong)
The flame tongue misses the killer bee.
* * * LOW HITPOINT WARNING * * *
You feel sick. The killer bee stings you!
* * * LOW HITPOINT WARNING * * *
You are more poisoned.
The killer bee poisons you! The killer bee closely misses you. x2
Okay, then.
Casting: Flame Tongue (safe; 1% risk of failure)
Confirm with . or Enter, or press ? or * to list all spells.
You don't have enough magic to cast that spell.
You miss the killer bee.
The killer bee is almost dead.
You die...

#######################
#<†.P#.....#.....#.⌠._.
#PP..'÷....'.#...'.._._
#PPPP#.....#.#...#..._.
###############'##.._._
#...♣y.......'...#._._.
#%..††@♣.....#...######
#.....♣..♣..######
##+####+#####


You could see a killer bee (berserk).

Vanquished Creatures
  A queen bee (D)
  2 wandering mushrooms (D)
  2 scorpions (D)
  3 killer bees (D)
  4 oklob saplings (D)
  A worker ant (D)
  2 spriggans (D)
  A river rat (D)
  A rat (D)
17 creatures vanquished.

Notes
Turn   | Place    | Note
-------+----------+-------------------------------------------
     0 | D        | Conn the Deep Elf Fire Elementalist began the quest for the
                  | Orb.
     0 | D        | Reached XP level 1. HP: 10/10 MP: 6/6
    16 | D        | Reached XP level 2. HP: 15/15 MP: 0/9
    99 | D        | Noticed an oklob sapling
   106 | D        | Killed an oklob sapling
   106 | D        | Reached skill level 5 in Spellcasting
   106 | D        | Reached skill level 5 in Fire Magic
   106 | D        | Reached XP level 3. HP: 19/19 MP: 9/11
   109 | D        | Found the amulet of invisibility {+Inv}
   267 | D        | Learned a level 3 spell: Conjure Flame
   271 | D        | Learned a level 3 spell: Inner Flame
   272 | D        | Found an opulent altar of Gozag.
   272 | D        | Found a hazy altar of Hepliaklqana.
   272 | D        | Found a burning altar of Makhleb.
   272 | D        | Found a roughly hewn altar of Beogh.
   272 | D        | Found a sparkling altar of Nemelex Xobeh.
   272 | D        | Found a snail-covered altar of Cheibriados.
   272 | D        | Found a sacrificial altar of Ru.
   272 | D        | Found a shimmering blue altar of Sif Muna.
   272 | D        | Found a shimmering altar of Xom.
   272 | D        | Found a basalt altar of Yredelemnul.
   273 | D        | Found a viscous altar of Jiyva.
   273 | D        | Found a bloodstained altar of Trog.
   273 | D        | Found an ornate altar of the Wu Jian Council.
   273 | D        | Noticed an oklob sapling priest
   274 | D        | Found an iron altar of Okawaru.
   274 | D        | Found a glowing silver altar of Zin.
   274 | D        | Found a shadowy altar of Dithmenos.
   275 | D        | Found a hide-covered altar of Uskayaw.
   275 | D        | Found an ancient bone altar of Kikubaaqudgha.
   276 | D        | Found a glowing golden altar of the Shining One.
   276 | D        | Found a stormy altar of Qazlal.
   276 | D        | Found a white marble altar of Elyvilon.
   277 | D        | Found a radiant altar of Vehumet.
   277 | D        | Found a corrupted altar of Lugonu.
   279 | D        | Became a worshipper of Sif Muna the Loreminder
   283 | D        | Killed an oklob sapling priest
   283 | D        | Reached XP level 4. HP: 24/24 MP: 7/14
   409 | D        | Learned a level 4 spell: Sticky Flame
   414 | D        | Reached skill level 1 in Evocations
   414 | D        | Reached XP level 5. HP: 23/28 MP: 9/16
   462 | D        | Reached * piety under Sif Muna
   462 | D        | Reached skill level 5 in Dodging
   465 | D        | Reached skill level 5 in Stealth
   559 | D        | Found Yraw's Antique Armour Shop.
   559 | D        | Found Desmixir's Food Emporium.
   573 | D        | Learned a level 5 spell: Fireball
   585 | D        | Noticed a burning bush
   585 | D        | Noticed a wandering mushroom
   598 | D        | Killed a wandering mushroom
   598 | D        | Reached ** piety under Sif Muna
   598 | D        | Reached skill level 1 in Fighting
   598 | D        | Reached skill level 10 in Fire Magic
   598 | D        | Reached XP level 6. HP: 26/34 MP: 9/20
   674 | D        | Noticed a wandering mushroom
   680 | D        | Reached skill level 10 in Spellcasting
   680 | D        | Reached XP level 7. HP: 38/38 MP: 12/22
   685 | D        | Killed a wandering mushroom
   685 | D        | Reached skill level 5 in Conjurations
   797 | D        | Noticed a queen bee
   799 | D        | Reached *** piety under Sif Muna
   802 | D        | Killed a queen bee
   802 | D        | Reached XP level 8. HP: 24/43 MP: 1/26
   803 | D        | HP: 1/43 [killer bee (7)]
   804 | D        | Succumbed to a killer bee's poison

Levels and vault maps discovered:
D:        dungeon_sprint_fedhas [sprint_temple]

Skill      XL: |  1  2  3  4  5  6  7 |
---------------+----------------------+-----
Spellcasting   | 4 5 6 7 9 10 12 | 12.0
Fire Magic     | 4 5 7 8 10 12 | 12.2
Dodging        | 3 4 6 7 |  7.7
Stealth        | 3 4 6 7 |  7.0
Conjurations   | 2 4 6 |  6.6
Evocations     | 1 2 3 |  3.1
Fighting       | 1 |  1.6

Action                   |  1- 3 |  4- 6 |  7- 9 || total
-------------------------+-------+-------+-------++-------
Melee: Unarmed           |     4 |       |       ||     4
       Short sword       |       |       |     1 ||     1
 Cast: Flame Tongue      |    13 |    22 |     7 ||    42
       Sticky Flame      |       |     1 |     1 ||     2
       Conjure Flame     |       |     1 |       ||     1
       Fireball          |       |     1 |     3 ||     4
 Abil: Evoke Invisibilit |     1 |       |       ||     1
  Use: Potion            |     3 |       |       ||     3
Armor: Robe              |     2 |       |       ||     2
Dodge: Dodged            |    16 |     1 |     7 ||    24

Table legend:
 A = Non-vault XP
 B = Vault XP
 C = Vault XP percentage of total XP
 D = Non-vault monster count
 E = Vault monster count
 F = Vault count percentage of total count
                 A         B        C        D         E       F
            +---------+---------+-------+---------+---------+-------
      Total |       0 |    1583 | 100.0 |       0 |      17 | 100.0
            +---------+---------+-------+---------+---------+-------
          D |       0 |    1583 | 100.0 |       0 |      17 | 100.0
            +---------+---------+-------+---------+---------+-------
